 Dungeon Crawl Stone Soup version 0.25-a0-185-g6cfeca75b2 (webtiles) character file.

Game seed: 1447288109519142364, levelgen mode: deterministic

100 vurker the Gusty (level 4, -4/25 HPs)
             Began as a Tengu Air Elementalist on Nov 27, 2019.
             Killed from afar by Ijyb (24 damage)
             ... with a bolt of acid
             ... on level 3 of the Dungeon.
             The game lasted 00:02:53 (2430 turns).

vurker the Gusty (Tengu Air Elementalist)           Turns: 2430, Time: 00:02:54

Health: -4/25      AC:  3    Str: 10    XL:     4   Next: 74%
Magic:  0/9        EV: 12    Int: 17    God:
Gold:   106        SH:  0    Dex: 14    Spells: 7/8 levels left

rFire    . . .     SeeInvis .   (no weapon)
rCold    . . .     Gourm    .   (no shield)
rNeg     . . .     Faith    .   a - +0 robe
rPois    .         Spirit   .   (helmet restricted)
rElec    .         Reflect  .   f - +0 cloak
rCorr    .         Harm     .   (no gloves)
MR       .....                  (boots unavailable)
Stlth    ++........             b - amulet of the acrobat
HPRegen  0.08/turn              i - +2 ring of strength
MPRegen  0.11/turn              (no ring)

@: no status effects
A: beak, talons 3
a: no special abilities


You were on level 3 of the Dungeon.
You were very hungry.

You visited 1 branch of the dungeon, and saw 3 of its levels.

You collected 106 gold pieces.

Inventory:

Armour
 a - a +0 robe (worn)
 f - a +0 cloak (worn)
   (You found it on level 1 of the Dungeon)
Jewellery
 b - an amulet of the acrobat (around neck)
   (You found it on level 2 of the Dungeon)
 i - a +2 ring of strength (left hand)
   (You found it on level 2 of the Dungeon)
Scrolls
 c - a scroll of teleportation {unknown}
 d - a scroll of identify
 j - a scroll of enchant armour {unknown}
 k - a scroll of remove curse {unknown}
 l - a scroll of magic mapping {unknown}
 m - a scroll of amnesia {unknown}
Potions
 g - a potion of mutation {unknown}
 h - a potion of heal wounds {unknown}
 n - 2 potions of curing
Comestibles
 e - 4 rations


   Skills:
 + Level 1.3 Fighting
 - Level 2.1 Dodging
 - Level 2.0 Stealth
 * Level 2.9 Spellcasting
 * Level 3.2 Conjurations
 * Level 5.0 Air Magic


You had 7 spell levels left.
You knew the following spells:

 Your Spells              Type           Power        Failure   Level  Hunger
a - Shock                 Conj/Air       ###.         3%          1    #......

Your spell library contained the following spells:

 Spells                   Type           Power        Failure   Level  Hunger
 Swiftness                Chrm/Air       ##......     10%         2    ##.....
 Static Discharge         Conj/Air       ###.....     10%         3    ###....
 Airstrike                Air            ###.......   22%         4    #####..
 Lightning Bolt           Conj/Air       ###.......   65%         5    ######.


Dungeon Overview and Level Annotations

Branches:
Dungeon (3/15)

Altars:
Zin

Annotations:
D:3 Ijyb


Innate Abilities, Weirdness & Mutations

You have a beak for a mouth.
You have claws for feet.


Message History

There is a stone staircase leading up here.
Found a ration.
e - 4 rations (gained 1)
As you read the scroll of identify, it crumbles to dust.
n - 2 potions of curing Search for what [? for help]? ego Can't find anything matching that.
Found 24 stones.
You see here 24 stones.
Found a stone staircase leading down.
Found a scroll labeled QOYQODWI VABBO.
m - a scroll labeled QOYQODWI VABBO A kobold comes into view.
It is wielding a +0 dagger.
Aim: a kobold, wielding a +0 dagger (resting)
The zap hits the kobold but does no damage.
The kobold shouts!
Aim: a kobold, wielding a +0 dagger The zap hits the kobold.
You kill the kobold!
You can't see any susceptible monsters within range! (Use Z to cast anyway.) Ijyb the Twisted Goblin comes into view.
She is wielding a +0 club and carrying a wand of acid (14).
Aim: Ijyb, wielding a +0 club, wearing a cursed +0 scale mail and carrying a wand of acid (14) (hasn't noticed you)
The zap hits Ijyb but does no damage.
Ijyb shouts!
Ijyb is too close now for your liking.
Aim: Ijyb, wielding a +0 club, wearing a cursed +0 scale mail and carrying a wand of acid (14)
The zap hits Ijyb.
Aim: Ijyb, wielding a +0 club, wearing a cursed +0 scale mail and carrying a wand of acid (14) (lightly wounded)
The zap hits Ijyb.
Aim: Ijyb, wielding a +0 club, wearing a cursed +0 scale mail and carrying a wand of acid (14) (moderately wounded)
The zap hits Ijyb but does no damage.
Ijyb hits you but does no damage.
Aim: Ijyb, wielding a +0 club, wearing a cursed +0 scale mail and carrying a wand of acid (14) (moderately wounded)
The zap hits Ijyb.
Ijyb zaps a wand.
The bolt of acid misses you.
Aim: Ijyb, wielding a +0 club, wearing a cursed +0 scale mail and carrying a wand of acid (13) (moderately wounded)
The zap hits Ijyb.
Ijyb zaps a wand.
The bolt of acid misses you.
Aim: Ijyb, wielding a +0 club, wearing a cursed +0 scale mail and carrying a wand of acid (12) (heavily wounded)
The zap hits Ijyb.
Ijyb closely misses you.
Aim: Ijyb, wielding a +0 club, wearing a cursed +0 scale mail and carrying a wand of acid (12) (heavily wounded)
The zap misses Ijyb.
Ijyb hits you but does no damage.
You don't have enough magic to cast that spell.
You hit Ijyb but do no damage. Ijyb hits you with a +0 club.
You hit Ijyb but do no damage. You claw Ijyb. Your peck misses Ijyb.
Ijyb zaps a wand.
The bolt of acid hits you!!
Ouch! That really hurt!
You die...

###########
.....>...#
######.......#
#....#.......#####
#.#..........##...
#.#..##......##.##
#@#..........##.##
#g#...#.####....#.
#.#.###.# #.#####
..... ..# #.#
...#.##### #..
....#.# ####
...)#. ....#


You could see Ijyb.

Vanquished Creatures
  2 adders (D:2)
  4 gnolls (D:2)
  A dart slug (D:1)
  3 leopard geckos (D:2)
  A ball python (D:1)
  3 bats (D:2)
  3 goblins
  2 hobgoblins
  7 jackals (D:2)
  A frilled lizard (D:2)
  5 kobolds
  5 rats
37 creatures vanquished.

Notes
Turn   | Place    | Note
-------+----------+-------------------------------------------
     0 | D:1      | vurker the Tengu Air Elementalist began the quest for the
                  | Orb.
     0 | D:1      | Reached XP level 1. HP: 10/10 MP: 4/4
   200 | D:1      | Reached XP level 2. HP: 15/15 MP: 4/6
  1165 | D:2      | Reached XP level 3. HP: 20/20 MP: 3/7
  1495 | D:2      | Reached skill level 1 in Fighting
  1613 | D:2      | Reached XP level 4. HP: 13/25 MP: 3/9
  1863 | D:2      | Found a glowing silver altar of Zin.
  2038 | D:2      | Reached skill level 5 in Air Magic
  2418 | D:3      | Noticed Ijyb
  2430 | D:3      | Killed from afar by Ijyb

Levels and vault maps discovered:
D:1:      dpeg_arrival_pits, layout_basic
D:2:      layout_loops_ring, zin_academy, chequers_garden
D:3:      layout_basic, nicolae_gozag_seed_capital, first_ration,
          okawaru_ov_weapons_minmay, uniq_ijyb

Skill      XL: |  1  2  3  4 |
---------------+-------------+-----
Conjurations   | 2 3 |  3.2
Fighting       | 1 |  1.3
Air Magic      | 5 |  5.0
Dodging        | |  2.1
Stealth        | |  2.0
Spellcasting   | |  2.9

Action                   |  1- 3 |  4- 6 || total
-------------------------+-------+-------++-------
Melee: Unarmed           |    20 |     2 ||    22
       Peck              |     5 |       ||     5
       Kick              |     1 |     1 ||     2
 Cast: Shock             |    56 |    25 ||    81
  Use: Scroll            |     1 |     1 ||     2
  Eat: Chunk             |     3 |     1 ||     4
Armor: Robe              |     9 |     2 ||    11
Dodge: Dodged            |    22 |     5 ||    27

Table legend:
 A = Non-vault XP
 B = Vault XP
 C = Vault XP percentage of total XP
 D = Non-vault monster count
 E = Vault monster count
 F = Vault count percentage of total count
                 A         B        C        D         E       F
            +---------+---------+-------+---------+---------+-------
      Total |     144 |       0 |   0.0 |      37 |       0 |   0.0
            +---------+---------+-------+---------+---------+-------
        D:1 |      16 |       0 |   0.0 |       9 |       0 |   0.0
        D:2 |     126 |       0 |   0.0 |      27 |       0 |   0.0
        D:3 |       2 |       0 |   0.0 |       1 |       0 |   0.0
            +---------+---------+-------+---------+---------+-------
